General information
- name: BNet
- type: Ladder 1vs1/FFA
- host: Battle.net
- saver: BEAR_AND
map: TerenasStand
- players: 2
- length: 114:19
- speed: Fast
- version: 1.21 W3XP
- replay type:

» download(295 KB)
Players
team 1 (winner)
BEAR_AND (
pink | 55 APM | 6290 actions | 114:19)
7 Blademaster
3 Critical Strike
3 Wind Walk
1 Bladestorm
6 Tauren Chieftain
3 Shockwave
2 Endurance Aura
1 Reincarnation
» actions
| Assign group hotkey | 12 | |
| Basic commands | 2 | |
| Build / train | 121 | |
| Enter build submenu | 78 | |
| Enter hero's abilities submenu | 14 | |
| Give item / drop item | 33 | |
| Remove unit from queue | 4 | |
| Right click | 4054 | |
| Select / deselect | 762 | |
| Select group hotkey | 895 | |
| Use ability | 308 | |
6290 total
» units
| Peon | 24 | |
| Troll Batrider | 25 | |
| Troll Witch Doctor | 2 | |
51 total
» upgrades
| Ranged Weapons | 3 | |
| Liquid Fire | 1 | |
| Reinforced Defenses | 1 | |
| Troll Regeneration | 1 | |
| Armor | 1 | |
| Witch Doctor Training | 2 | |
9 total
» buildings
| Altar of Storms | 1 | |
| Orc Burrow | 4 | |
| War Mill | 1 | |
| Voodoo Lounge | 2 | |
| Watch Tower | 57 | |
| Stronghold | 1 | |
| Beastiary | 1 | |
| Fortress | 1 | |
| Great Hall | 4 | |
| Barracks | 1 | |
| Spirit Lodge | 1 | |
74 total
» build order
00:07 Altar of Storms
00:19 Orc Burrow
00:39 War Mill
01:25 Voodoo Lounge
01:55 Watch Tower
02:27 Watch Tower
03:03 Watch Tower
03:15 Stronghold
03:37 Watch Tower
04:11 Orc Burrow
04:34 Orc Burrow
04:43 Watch Tower
05:49 Watch Tower
06:35 Beastiary
07:01 Fortress
07:07 Watch Tower
08:13 Orc Burrow
09:19 Watch Tower
11:15 Watch Tower
12:29 Watch Tower
14:27 Watch Tower
14:28 Watch Tower
14:30 Watch Tower
15:12 Watch Tower
15:13 Watch Tower
15:14 Watch Tower
15:15 Watch Tower
16:19 Great Hall
16:34 Watch Tower
16:35 Watch Tower
16:56 Barracks
18:04 Watch Tower
18:06 Watch Tower
19:15 Great Hall
19:31 Watch Tower
19:50 Watch Tower
20:33 Watch Tower
20:41 Watch Tower
21:05 Watch Tower
21:40 Watch Tower
21:40 Watch Tower
21:44 Watch Tower
21:46 Watch Tower
22:01 Watch Tower
22:02 Watch Tower
22:04 Watch Tower
22:10 Watch Tower
23:08 Great Hall
23:12 Watch Tower
23:12 Watch Tower
23:31 Watch Tower
23:33 Watch Tower
24:44 Watch Tower
24:46 Watch Tower
24:47 Watch Tower
24:49 Watch Tower
26:33 Watch Tower
26:35 Watch Tower
26:37 Watch Tower
27:23 Voodoo Lounge
28:10 Watch Tower
28:11 Watch Tower
28:12 Watch Tower
28:12 Watch Tower
28:14 Watch Tower
28:31 Watch Tower
28:32 Watch Tower
28:32 Watch Tower
30:17 Watch Tower
30:18 Watch Tower
31:33 Watch Tower
31:33 Watch Tower
35:07 Spirit Lodge
56:19 Great Hall
» items
| Healing Salve | 10 | |
| Lesser Clarity Potion | 15 | |
| Boots of Speed | 2 | |
| Dust of Appearance | 1 | |
| Staff of Teleportation | 2 | |
| Orb of Lightning | 2 | |
| Potion of Lesser Invulnerability | 4 | |
| Scroll of Town Portal | 2 | |
38 total
team 2 (loser)
1tomato_ketchup (
blue | 54 APM | 6118 actions | 114:18)
4 Dark Ranger
2 Black Arrow
1 Life Drain
1 Silence
3 Naga Sea Witch
1 Frost Arrows
2 Forked Lightning
» actions
| Assign group hotkey | 53 | |
| Basic commands | 326 | |
| Build / train | 166 | |
| ESC pressed | 19 | |
| Enter build submenu | 52 | |
| Enter hero's abilities submenu | 9 | |
| Remove unit from queue | 3 | |
| Right click | 3210 | |
| Select / deselect | 918 | |
| Select group hotkey | 850 | |
| Use ability | 511 | |
6118 total
» units
| Wisp | 55 | |
| Archer | 4 | |
| Dryad | 9 | |
| Druid of the Claw | 24 | |
| Hippogryph | 14 | |
| Glaive Thrower | 7 | |
| Goblin Sapper | 2 | |
| Chimaera | 3 | |
118 total
» upgrades
| Druid of the Claw Training | 2 | |
| Improved Bows | 1 | |
| Reinforced Hides | 3 | |
| Abolish Magic | 1 | |
| Well Spring | 1 | |
| Strength of the Wild | 1 | |
| Corrosive Breath | 1 | |
10 total
» buildings
| Moon Well | 7 | |
| Ancient of War | 1 | |
| Altar of Elders | 1 | |
| Tree of Ages | 1 | |
| Hunter's Hall | 1 | |
| Ancient of Lore | 3 | |
| Ancient Protector | 13 | |
| Tree of Life | 8 | |
| Tree of Eternity | 2 | |
| Ancient of Wind | 1 | |
| Chimaera Roost | 2 | |
40 total
» build order
00:19 Moon Well
00:38 Ancient of War
00:46 Altar of Elders
01:42 Moon Well
03:26 Tree of Ages
03:28 Hunter's Hall
04:33 Moon Well
04:35 Moon Well
06:41 Ancient of Lore
06:53 Ancient Protector
07:23 Ancient of Lore
08:30 Tree of Life
09:06 Tree of Eternity
09:06 Tree of Eternity
11:47 Tree of Life
12:22 Tree of Life
13:11 Ancient of Wind
14:10 Moon Well
15:18 Moon Well
16:17 Tree of Life
16:21 Ancient Protector
20:14 Tree of Life
20:47 Ancient Protector
21:36 Tree of Life
21:46 Ancient Protector
23:47 Ancient Protector
24:57 Tree of Life
26:41 Ancient Protector
26:43 Ancient Protector
32:09 Tree of Life
32:11 Ancient Protector
32:19 Ancient Protector
33:51 Ancient Protector
33:53 Ancient Protector
35:51 Ancient of Lore
36:42 Moon Well
41:38 Chimaera Roost
41:49 Chimaera Roost
47:33 Ancient Protector
47:37 Ancient Protector
» items
| Scroll of Town Portal | 2 | |
| Staff of Teleportation | 1 | |
| Dust of Appearance | 2 | |
| Scroll of Protection | 4 | |
| Scroll of Healing | 3 | |
12 total
Chat log
(08:48 / All) 1tomato_ketchup: bears
(08:49 / All) 1tomato_ketchup: dryads
(08:52 / All) BEAR_AND: enjoy
(08:56 / All) 1tomato_ketchup: not u
(09:00 / All) BEAR_AND: ?
(15:03 / All) BEAR_AND: chomp
(15:03 / All) BEAR_AND: eat
(15:04 / All) BEAR_AND: faster
(15:07 / All) BEAR_AND: too slow
(23:25 / All) BEAR_AND: :)
(27:58 / All) BEAR_AND: lol hahahahha
(28:02 / All) BEAR_AND: sorry !
(31:39 / All) BEAR_AND: LOL
(34:44 / All) BEAR_AND: ty
(40:26 / All) BEAR_AND: GG
(40:49 / All) BEAR_AND: amazing
(40:51 / All) BEAR_AND: what a noob
(43:23 / All) BEAR_AND: leave
(45:02 / All) BEAR_AND: wow owned?
(45:08 / All) BEAR_AND: http://highper.ch for such ownage
(45:13 / All) BEAR_AND: top replays and more
(45:21 / All) 1tomato_ketchup: c if i carer
(45:31 / All) BEAR_AND: listen Clan Towa is having tryouts
(45:34 / All) BEAR_AND: and you have spunk
(45:37 / All) BEAR_AND: do you want to join?
(45:42 / All) 1tomato_ketchup: not rly
(45:52 / All) BEAR_AND: ok let me know if you change your mind
(45:56 / All) 1tomato_ketchup: k
(46:23 / All) BEAR_AND: consider it though....a world-class towering clan
(46:30 / All) 1tomato_ketchup: exactly
(46:36 / All) 1tomato_ketchup: towering isnt pro
(46:40 / All) BEAR_AND: it can be !
(46:42 / All) BEAR_AND: like this!
(46:45 / All) 1tomato_ketchup: not rly
(46:52 / All) 1tomato_ketchup: ur just plain old gay
(47:03 / All) BEAR_AND: sorry bro, this is pro towering
(48:16 / All) BEAR_AND: think you can win?
(48:21 / All) 1tomato_ketchup: no
(48:22 / All) 1tomato_ketchup: idc
(48:27 / All) 1tomato_ketchup: i have all day
(48:40 / All) BEAR_AND: ?
(48:51 / All) 1tomato_ketchup: waiting 2 officially lose
(48:58 / All) BEAR_AND: want me to speed things up?
(49:01 / All) BEAR_AND: i've been toying with you
(49:02 / All) 1tomato_ketchup: ya
(49:02 / All) 1tomato_ketchup: ty
(49:05 / All) BEAR_AND: ok
(51:13 / All) BEAR_AND: dead
(52:17 / All) 1tomato_ketchup: and u managed 2 lose ur hero
(52:18 / All) 1tomato_ketchup: lol
(52:19 / All) BEAR_AND: ?
(52:21 / All) 1tomato_ketchup: gosu
(52:23 / All) 1tomato_ketchup: pro
(52:25 / All) 1tomato_ketchup: ur so gosu
(52:29 / All) BEAR_AND: yep
(52:34 / All) BEAR_AND: i get paid to play actually
(52:40 / All) 1tomato_ketchup: lol
(53:07 / All) BEAR_AND: gg...let me know if you want in the Clan
(53:15 / All) 1tomato_ketchup: u can suck on my cock
(53:20 / All) BEAR_AND: why bad manner?
(53:25 / All) 1tomato_ketchup: cuz u bad
(53:30 / All) BEAR_AND: i rocked your socks....
(53:35 / All) 1tomato_ketchup: not rly
(53:42 / All) BEAR_AND: you think this was close?
(53:47 / All) 1tomato_ketchup: no
(53:49 / All) 1tomato_ketchup: isc
(53:50 / All) 1tomato_ketchup: idc
(53:52 / All) BEAR_AND: so i rocked your socks.
(53:55 / All) 1tomato_ketchup: no
(53:56 / All) 1tomato_ketchup: lol
(54:05 / All) BEAR_AND: either it's close or it's not
(54:06 / All) BEAR_AND: which is it?
(54:17 / All) 1tomato_ketchup: u sucking on my cock
(54:20 / All) BEAR_AND: angry
(54:22 / All) BEAR_AND: ?
(54:25 / All) 1tomato_ketchup: no
(54:26 / All) 1tomato_ketchup: calm
(54:31 / All) BEAR_AND: sound angry
(54:45 / All) 1tomato_ketchup: k
(54:47 / All) BEAR_AND: bye
(54:48 / All) 1tomato_ketchup: i aint
(54:49 / All) 1tomato_ketchup: lol
(54:52 / All) 1tomato_ketchup: pz
(55:57 / All) 1tomato_ketchup: i have all day u know
(56:01 / All) BEAR_AND: great
(56:13 / All) BEAR_AND: i predict you leave within 10 minutes
(56:21 / All) 1tomato_ketchup: wanna bet??
(56:27 / All) BEAR_AND: sure, how does $20 sound
(56:29 / All) 1tomato_ketchup: lets say ur acc
(56:35 / All) BEAR_AND: my acc?
(56:37 / All) 1tomato_ketchup: ya
(56:38 / All) BEAR_AND: what about it
(56:51 / All) 1tomato_ketchup: if i dont within 10 mins u give it 2 meh
(56:55 / All) BEAR_AND: you want it?
(56:58 / All) 1tomato_ketchup: ya
(57:04 / All) BEAR_AND: sorry it's far more valuable than that
(57:08 / All) BEAR_AND: shaman account of clan towa?
(57:13 / All) BEAR_AND: nah
(57:16 / All) 1tomato_ketchup: willb deleted
(57:19 / All) BEAR_AND: ?
(57:30 / All) 1tomato_ketchup: huh?
(57:35 / All) BEAR_AND: what do you mean willb deleted
(57:45 / All) 1tomato_ketchup: oh it must b my maphack u know
(57:53 / All) 1tomato_ketchup: everyone uses that
(57:59 / All) BEAR_AND: what?
(58:06 / All) 1tomato_ketchup: lol
(58:29 / All) BEAR_AND: were you maphacking this game
(58:32 / All) BEAR_AND: ?
(58:40 / All) 1tomato_ketchup: r u a retard??
(58:54 / All) BEAR_AND: well who knows
(58:59 / All) BEAR_AND: some people maphack and are still horrible
(59:06 / All) 1tomato_ketchup: yah i know
(59:11 / All) BEAR_AND: maybe you are one of them??
(59:17 / All) 1tomato_ketchup: no i dont maphack
(59:18 / All) 1tomato_ketchup: lol
(59:20 / All) BEAR_AND: good for you
(59:36 / All) BEAR_AND: so after getting your socks rocked, what are you going to do?
(59:44 / All) 1tomato_ketchup: do ur moms
(59:48 / All) BEAR_AND: what?
(60:01 / All) 1tomato_ketchup: do ur momz
(60:03 / All) 1tomato_ketchup: analy
(60:08 / All) BEAR_AND: why would you say that...
(60:14 / All) 1tomato_ketchup: cuz i do
(60:19 / All) 1tomato_ketchup: ur
(60:20 / All) 1tomato_ketchup: momz
(60:21 / All) BEAR_AND: you don't even know where i live..
(60:22 / All) 1tomato_ketchup: analy
(60:24 / All) 1tomato_ketchup: ya
(60:25 / All) 1tomato_ketchup: lol
(61:02 / All) BEAR_AND: all right i'm going to have a shower
(61:05 / All) BEAR_AND: back in 15
(69:16 / All) 1tomato_ketchup: k
(90:24 / All) 1tomato_ketchup: aow rush
(91:00 / All) 1tomato_ketchup: dude ill aow him b fore he get burrows
(92:17 / All) 1tomato_ketchup: n had hp upgrade
(92:59 / All) BEAR_AND: ?
(93:05 / All) 1tomato_ketchup: wut
(93:06 / All) 1tomato_ketchup: wut
(93:07 / All) 1tomato_ketchup: wut
(93:15 / All) BEAR_AND: lmao still here i see
(93:20 / All) BEAR_AND: enjoying your hour-long loss?
(93:26 / All) 1tomato_ketchup: ya ty
(93:37 / All) 1tomato_ketchup: rank 97
(93:40 / All) BEAR_AND: ?
(93:46 / All) 1tomato_ketchup: clap clap clap
(93:47 / All) BEAR_AND: what's rank 97
(93:52 / All) 1tomato_ketchup: ur clan sux my balls
(94:22 / All) BEAR_AND: listen, any shaman or chieftain of my clan could rock your socks
(94:24 / All) BEAR_AND: as i just did
(94:30 / All) 1tomato_ketchup: okay
(94:43 / All) BEAR_AND: but you have a great attitude
(94:46 / All) BEAR_AND: so i'll let you join
(94:49 / All) BEAR_AND: if you're interested
(94:53 / All) 1tomato_ketchup: hell no
(94:56 / All) 1tomato_ketchup: i aint retard
(94:57 / All) 1tomato_ketchup: ty
(95:06 / All) BEAR_AND: this is a very generous offer...
(95:11 / All) 1tomato_ketchup: not rly
(95:15 / All) BEAR_AND: usually i reserve it for people who at least come close to beating me
(95:32 / All) 1tomato_ketchup: ur clan sux on my ballz
(95:38 / All) BEAR_AND: manners please
(95:42 / All) 1tomato_ketchup: k
(95:47 / All) BEAR_AND: brb
(95:48 / All) 1tomato_ketchup: ur clan sux on my balls
(96:33 / All) BEAR_AND: "dude ill aow him b fore he gets burrows"
(96:36 / All) BEAR_AND: ?
(96:42 / All) 1tomato_ketchup: wrong ppl
(96:46 / All) 1tomato_ketchup: forgot /r
(96:57 / All) BEAR_AND: so would you like a rematch after this game?
(97:07 / All) 1tomato_ketchup: ya?
(97:11 / All) BEAR_AND: another 1v1?
(97:15 / All) 1tomato_ketchup: ya
(97:18 / All) BEAR_AND: excellent
(97:19 / All) BEAR_AND: leave
(97:23 / All) 1tomato_ketchup: no u
(97:25 / All) BEAR_AND: bow to me and kiss my feet
(97:32 / All) BEAR_AND: then i shall defeat you again.
(97:37 / All) 1tomato_ketchup: how bout u go fuck urself
(97:43 / All) BEAR_AND: angry?
(97:48 / All) 1tomato_ketchup: no
(98:10 / All) BEAR_AND: listen i just had a shower and i'm going to get dressed now - you can call me at 647-869-9830 until i'm back
(98:22 / All) 1tomato_ketchup: i knew ur phone
(98:55 / All) 1tomato_ketchup: or at least till 2 pm
(99:18 / All) 1tomato_ketchup: i talked 2 ur momz
(99:30 / All) 1tomato_ketchup: she said that she will have teh money 2 morrow
(99:45 / All) 1tomato_ketchup: shes affraid of teh cock slap
(101:36 / All) BEAR_AND: you talked to my mom?
(101:51 / All) 1tomato_ketchup: ya
(101:58 / All) 1tomato_ketchup: i called u while u was in showa
(101:59 / All) BEAR_AND: you called my phone number?
(102:04 / All) 1tomato_ketchup: ya
(102:10 / All) BEAR_AND: sorry my mom lives 800 miles away
(102:15 / All) 1tomato_ketchup: leiz
(102:18 / All) BEAR_AND: :)
(102:21 / All) 1tomato_ketchup: she awnsers
(102:29 / All) BEAR_AND: go ahead and call
(102:34 / All) 1tomato_ketchup: i called
(102:37 / All) BEAR_AND: nope
(102:40 / All) 1tomato_ketchup: ya
(103:04 / All) BEAR_AND: last received call is 10:08pm...last night
(103:16 / All) BEAR_AND: sorry :)
(103:35 / All) 1tomato_ketchup: icalled u fing nigger
(103:58 / All) BEAR_AND: nope
(104:07 / All) 1tomato_ketchup: ya
(104:17 / All) BEAR_AND: call again :)
(104:23 / All) 1tomato_ketchup: no
(104:26 / All) BEAR_AND: afraid?
(104:29 / All) 1tomato_ketchup: no
(104:34 / All) BEAR_AND: afraid of talking?
(104:35 / All) 1tomato_ketchup: costs money u know
(104:39 / All) BEAR_AND: you poor?
(104:41 / All) 1tomato_ketchup: come 2 my vent
(104:44 / All) BEAR_AND: what is it
(105:02 / All) 1tomato_ketchup: v36.darkstarllc.com 4109
(105:33 / All) BEAR_AND: come to my channel?